 Dungeon Crawl Stone Soup version 0.21-a0-404-g291f19a (webtiles) character file.

39 keltmir the Changer (level 3, -2/28 HPs)
             Began as a Draconian Transmuter on Oct 29, 2017.
             Slain by an orc
             ... wielding a +0 war axe
              (8 damage)
             ... on level 2 of the Dungeon.
             The game lasted 00:03:32 (1070 turns).

keltmir the Changer (Draconian Transmuter)          Turns: 1070, Time: 00:03:33

Health: -2/28      AC:  6    Str: 12    XL:     3   Next: 26%
Magic:  6/6        EV: 12    Int: 14    God:
Gold:   61         SH:  0    Dex: 11    Spells: 2/6 levels left

rFire    . . .     SeeInvis .     - Unarmed
rCold    . . .     Gourm    .   (no shield)
rNeg     . . .     Faith    .   (armour unavailable)
rPois    .         Spirit   .   (helmet restricted)
rElec    .         Reflect  .   (no cloak)
rCorr    .         Harm     .   g - +0 pair of gloves
MR       .....                  (boots currently unavailable)
Stlth    ++........             (no amulet)
HPRegen  0.09/turn              (no ring)
MPRegen  0.10/turn              (no ring)

@: appendage (expiring)
A: unfitting armour, talons 3, cold-blooded, AC +5
a: End Transformation


You were on level 2 of the Dungeon.
You were hungry.
You had grown temporary talons.
You visited 1 branch of the dungeon, and saw 2 of its levels.

You collected 61 gold pieces.

Inventory:

Missiles
 a - 32 arrows
 i - 5 needles of sleeping
Armour
 g - a +0 pair of gloves (worn)
Scrolls
 d - a scroll of teleportation {unknown}
 k - a scroll of magic mapping
Potions
 e - a potion of curing {unknown}
 f - a potion of flight {unknown}
 h - a potion of degeneration {unknown}
 j - a potion of agility {unknown}
Books
 b - a book of Changes

   Spells                             Type                      Level
   a - Beastly Appendage              Transmutation                1
   b - Sticks to Snakes               Transmutation                2
   c - Spider Form                    Transmutation/Poison         3
   d - Ice Form                       Ice/Transmutation            4
   e - Blade Hands                    Transmutation                5
Comestibles
 c - 4 bread rations
 l - a royal jelly


   Skills:
 - Level 1.1 Fighting
 - Level 1.7 Dodging
 + Level 1.2 Stealth
 - Level 3.0 Unarmed Combat
 - Level 2.0 Spellcasting
 + Level 3.4 Transmutations


You had 2 spell levels left.
You knew the following spells:

 Your Spells              Type           Power        Failure   Level  Hunger
a - Beastly Appendage     Tmut           ##....       6%          1    ##.....
b - Spider Form           Tmut/Pois      #.........   34%         3    ####...


Dungeon Overview and Level Annotations

Branches:
Dungeon (2/15)

Altars:


Innate Abilities, Weirdness & Mutations

Your plain brown scales are hard. (AC +5)
You cannot fit into any form of body armour.
You are cold-blooded and may be slowed by cold attacks.
You have claws for feet.


Message History

The orc shouts!
The orc moves out of view.
Found a scroll of identify.
You barely miss the orc. Your kick misses the orc.
The orc hits you with a flail.
You hit the orc wizard but do no damage.
Your tail-slap misses the orc wizard.
The orc wizard gestures at you while chanting.
You resist with significant effort. The orc hits you with a flail!
* * * LOW HITPOINT WARNING * * *
You are too injured to fight recklessly!
You hit the orc wizard but do no damage.
The orc wizard hits you but does no damage.
You hit the orc wizard but do no damage.
You claw the orc wizard, but do no damage.
The orc misses you.
The orc wizard hits you but does no damage.
You hit the orc wizard but do no damage.
The orc barely misses you. The orc hits you with a war axe!
You die...

#.# #.### .
######.#.#
..##........#
.........#.#
#........# #......!.#
#.####.......@##
............ooo......
#####.........#.....
######.###.....# ....
#)......##.....# ...
####.......########
.? ...#.......# .
...#.......###
.............#


You could see an orc wizard and 2 orcs.

Vanquished Creatures
  An ooze (D:1)
  A worm (D:2)
  A dart slug (D:1)
  2 leopard geckos (D:1)
  A giant cockroach (D:2)
  7 hobgoblins (D:1)
  A bat (D:1)
  2 frilled lizards (D:1)
  7 kobolds (D:1)
  6 rats (D:1)
29 creatures vanquished.

Notes
Turn   | Place    | Note
-------+----------+-------------------------------------------
     0 | D:1      | keltmir the Draconian Transmuter began the quest for the Orb.
     0 | D:1      | Reached XP level 1. HP: 16/16 MP: 3/3
   173 | D:1      | Reached XP level 2. HP: 22/23 MP: 5/5
   446 | D:1      | Reached XP level 3. HP: 17/28 MP: 6/6
   578 | D:1      | Reached skill level 1 in Stealth
  1016 | D:2      | Learned a level 3 spell: Spider Form
  1070 | D:2      | Slain by an orc

Vault maps used:
D:1:      dpeg_arrival_lava_temple_mockup
D:2:      wad_woods_tower, lemuel_round_altar

Skill      XL: |  1  2  3 |
---------------+----------+-----
Transmutations | 3 |  3.4
Stealth        | 1 |  1.2
Fighting       | |  1.1
Dodging        | |  1.7
Unarmed Combat | |  3.0
Spellcasting   | |  2.0

Action                   || total
-------------------------++-------
Melee: Unarmed           ||   109
       Tailslap          ||    12
       Punch             ||     2
       Kick              ||     4
 Cast: Beastly Appendage ||     2
  Use: Scroll            ||     3
 Stab: Sleeping          ||     3
Armor: Skin              ||    21
Dodge: Dodged            ||    43

Table legend:
 A = Spawn XP
 B = Non-spawn XP
 C = Spawn XP percentage of total XP
 D = Spawn monster count
 E = Non-spawn monster count
 F = Spawn count percentage of total count
 G = Total turns spent on level
                    A         B        C        D         E        F      G
               +---------+---------+-------+---------+---------+-------+---------
         Total |       0 |      56 |   0.0 |       0 |      29 |   0.0 |  1070
               +---------+---------+-------+---------+---------+-------+---------
           D:1 |       0 |      49 |   0.0 |       0 |      27 |   0.0 |  1005
           D:2 |       0 |       7 |   0.0 |       0 |       2 |   0.0 |    65
               +---------+---------+-------+---------+---------+-------+---------
